 Dungeon Sprint DCSS version 0.27-a0-1456-gf5a116941d (webtiles) character file.

Game seed: 11549091765820523562

13528 mhtbhm the Severer (level 11, -8/169 HPs)
             Began as a Minotaur Fighter on July 5, 2021.
             Was the Champion of Trog.
             Mangled by a phantasmal warrior (14 damage)
             ... in the Dungeon (Sprint VII: "The Pits").
             The game lasted 00:05:39 (3133 turns).

mhtbhm the Severer (Minotaur Fighter)               Turns: 3133, Time: 00:05:41

Health: -8/169     AC: 25    Str: 24    XL:     11   Next: 76%
Magic:  3/3        EV: 14    Int:  5    God:    Trog [******]
Gold:   12         SH: 15    Dex: 10    Spells: 10/10 levels left

rFire    . . .     SeeInvis .   a - +1 broad axe (antimagic)
rCold    . . .     Faith    .   c - +0 kite shield
rNeg     . . .     Spirit   .   b - +4 chain mail
rPois    .         Reflect  .   (helmet restricted)
rElec    .         Harm     .   u - +2 cloak {rCorr}
rCorr    +         Rampage  .   (no gloves)
Will     .....     NoTele   +   q - +0 pair of boots
Stlth    ..........             (no amulet)
HPRegen  0.38/turn              n - +3 ring of evasion
MPRegen  0.08/turn              o - +3 ring of protection

@: berserking (expiring), lethally poisoned (-8 -> -9), weak-willed, very quick
A: horns 2, retaliatory headbutt
a: Renounce Religion, Berserk, Trog's Hand, Brothers in Arms


You were in the Dungeon.
You worshipped Trog.
Trog was exalted by your worship.
You visited 1 branch You collected 12 gold pieces.

Inventory:

Hand Weapons
 a - a +1 antimagic broad axe (weapon)
Missiles
 s - 2 throwing nets (quivered)
Armour
 b - a +4 chain mail (worn)
 c - a +0 kite shield (worn)
 q - a +0 pair of boots (worn)
 u - a +2 cloak of preservation (worn)
Jewellery
 n - a +3 ring of evasion (left hand)
 o - a +3 ring of protection (right hand)
Wands
 t - a wand of flame (19)
Scrolls
 j - a scroll of blinking
 l - a scroll of summoning
Potions
 d - 2 potions of might
 e - 4 potions of curing
 f - 9 potions of heal wounds
 g - 4 potions of haste
 h - 4 potions of magic
 i - 2 potions of berserk rage
 k - 2 potions of invisibility
 m - 2 potions of degeneration {unknown}
 p - 2 potions of mutation


   Skills:
 + Level 15.6 Fighting
 + Level 18.7 Axes
 + Level 14.9 Armour
 + Level 7.6 Dodging
 + Level 2.4 Stealth
 + Level 17.4 Shields


You had 10 spell levels left.
You didn't know any spells.
Your spell library was empty.

Dungeon Overview and Level Annotations

Branches:
Dungeon (1/1)

Altars:
Ashenzari
Cheibriados
Dithmenos
Elyvilon
Fedhas
Gozag
Hepliaklqana
Kikubaaqudgha
Makhleb
Nemelex Xobeh
Okawaru
Qazlal
Ru
Sif Muna
Trog
Uskayaw
Vehumet
Wu Jian
Xom
Yredelemnul
Zin
The Shining One
Beogh
Jiyva
Lugonu


Innate Abilities, Weirdness & Mutations

You have a pair of horns on your head.
You reflexively headbutt those who attack you in melee.


Message History

You hit the phantasmal warrior.
The phantasmal warrior's magic leaks into the air.
You slice the elephant!!
You feel sick. You block the elephant's attack. The elephant misses you.
The phantasmal warrior hits you but does no damage.
You slice the elephant!!
You kill the elephant!
Trog accepts your kill.
You slash the elephant!
You kill the elephant!
Trog accepts your kill.
You closely miss the phantasmal warrior.
You feel sick. The snapping turtle misses you.
You feel sick. The phantasmal warrior hits you!
* * * LOW HITPOINT WARNING * * *
You block the snapping turtle's attack.
You see here an elephant corpse.
Unknown command.
You completely miss the snapping turtle.
You headbutt the snapping turtle!
The snapping turtle is almost dead.
You closely miss the phantasmal warrior.
The phantasmal warrior hits you!
* * * LOW HITPOINT WARNING * * *
You block the snapping turtle's attack.
You slash the snapping turtle!
The snapping turtle is almost dead.
You slash the phantasmal warrior!
The phantasmal warrior's magic leaks into the air.
You feel sick. The phantasmal warrior hits you!
* * * LOW HITPOINT WARNING * * *
Unknown command.
You barely miss the phantasmal warrior.
You headbutt the phantasmal warrior, but do no damage.
The phantasmal warrior is severely damaged.
You barely miss the snapping turtle.
You feel yourself speed up.
You feel sick. You block the snapping turtle's attack.
The phantasmal warrior hits you!
You die...

.##..............#
##################
######### #### ##
#...+....###...# ..##
#...###...#...# ...#
+...+.##.....#### ...#
##†##..##...##..##..##..
#...##..+...#.)W........
.....#..#)..#†))@#..#...
.....+..'...'))†t.......
.....#.÷#...#..†.#..#...
#...##.)+...#...........
##'##..##[).##..##..##..
+...+.##)....#### ...# #
#.).###...#...# ...#
#...'.)..###...# ..##
########## #### ##


You could see a snapping turtle and a phantasmal warrior.

Vanquished Creatures
  A centaur warrior (D)
  A merfolk avatar (D)
  A deep troll (D)
  A spriggan druid (D)
  A swamp dragon (D)
  A phantasmal warrior (D)
  A manticore (D)
  A cyclops (D)
  Maurice (D)
  4 elephants (D)
  2 molten gargoyles (D)
  A guardian serpent (shapeshifter) (D)
  A black mamba (D)
  A smoke demon (D)
  Psyche (D)
  A guardian mummy (D)
  An ice devil (D)
  A freezing wraith (D)
  A jumping spider (D)
  A tyrant leech (D)
  4 blink frogs (D)
  A flying skull (D)
  A ynoxinul (D)
  5 redbacks (D)
  A spriggan (D)
  A water elemental (D)
  A wyvern (D)
  A basilisk (D)
  3 vampire mosquitoes (D)
  A water moccasin (D)
  2 floating eyes (D)
  2 orc warriors (D)
  An ice beast (D)
  A sky beast (D)
  2 centaurs (D)
  A phantom (D)
  2 kobold brigands (D)
  Blork the orc (D)
  A scorpion (D)
  An earth elemental (D)
  4 wights (D)
  A crimson imp (D)
  A quasit (D)
  Jessica (D)
  3 hell rats (D)
  3 orc wizards (D)
  3 gnolls (D)
  An adder (D)
  A river rat (D)
  4 orcs (D)
  A goblin (D)
  2 hobgoblins (D)
  3 jackals (D)
  A ball python zombie (D)
  A kobold (D)
87 creatures vanquished.

Vanquished Creatures (collateral kills)
  Harold (D)
  A komodo dragon (D)
2 creatures vanquished.

Grand Total: 89 creatures vanquished

Notes
Turn   | Place    | Note
-------+----------+-------------------------------------------
     0 | D        | mhtbhm the Minotaur Fighter began the quest for the Orb.
     0 | D        | Reached XP level 1. HP: 19/19 MP: 0/0
    21 | D        | Reached skill level 3 in Axes
    21 | D        | Reached XP level 2. HP: 15/28 MP: 1/1
    25 | D        | Found a bloodstained altar of Trog.
    25 | D        | Found a shimmering blue altar of Sif Muna.
    25 | D        | Found a viscous altar of Jiyva.
    25 | D        | Found a hazy altar of Hepliaklqana.
    25 | D        | Found an opulent altar of Gozag.
    26 | D        | Found a glowing golden altar of the Shining One.
    26 | D        | Found a glowing silver altar of Zin.
    26 | D        | Found a basalt altar of Yredelemnul.
    26 | D        | Found a shimmering altar of Xom.
    26 | D        | Found an ornate altar of the Wu Jian Council.
    26 | D        | Found a sacrificial altar of Ru.
    26 | D        | Found a stormy altar of Qazlal.
    26 | D        | Found an iron altar of Okawaru.
    26 | D        | Found a sparkling altar of Nemelex Xobeh.
    26 | D        | Found a burning altar of Makhleb.
    26 | D        | Found a blossoming altar of Fedhas.
    26 | D        | Found a white marble altar of Elyvilon.
    26 | D        | Found a shadowy altar of Dithmenos.
    26 | D        | Found a snail-covered altar of Cheibriados.
    29 | D        | Found a corrupted altar of Lugonu.
    29 | D        | Found a radiant altar of Vehumet.
    32 | D        | Became a worshipper of Trog the Wrathful
   194 | D        | Noticed a floating eye
   196 | D        | Killed a floating eye
   197 | D        | Reached skill level 4 in Axes
   197 | D        | Reached XP level 3. HP: 38/38 MP: 2/2
   197 | D        | Reached XP level 4. HP: 45/45 MP: 3/3
   207 | D        | Noticed a floating eye
   209 | D        | Killed a floating eye
   209 | D        | Reached * piety under Trog
   210 | D        | Reached skill level 5 in Axes
   210 | D        | Reached XP level 5. HP: 53/55 MP: 4/4
   222 | D        | Noticed an ice beast
   243 | D        | Killed an ice beast
   243 | D        | Reached ** piety under Trog
   244 | D        | Reached skill level 6 in Axes
   244 | D        | Reached XP level 6. HP: 28/63 MP: 5/5
   525 | D        | Noticed a flying skull
   525 | D        | Noticed a water moccasin
   525 | D        | Noticed a sky beast
   531 | D        | Killed a water moccasin
   532 | D        | Reached skill level 7 in Axes
   532 | D        | Reached skill level 10 in Armour
   544 | D        | Killed a sky beast
   544 | D        | Reached *** piety under Trog
   545 | D        | Reached skill level 10 in Fighting
   545 | D        | Reached skill level 10 in Shields
   545 | D        | Reached XP level 7. HP: 59/72 MP: 6/6
   554 | D        | Noticed Blork the orc
   558 | D        | Noticed Jessica
   561 | D        | Killed a flying skull
   562 | D        | Reached skill level 8 in Axes
   562 | D        | Reached skill level 1 in Dodging
   569 | D        | Killed Jessica
   577 | D        | Killed Blork the orc
   577 | D        | Reached **** piety under Trog
   761 | D        | Reached skill level 9 in Axes
   865 | D        | Noticed Psyche
   877 | D        | Killed Psyche
   877 | D        | Reached ***** piety under Trog
   878 | D        | Reached XP level 8. HP: 64/82 MP: 7/7
  1144 | D        | Reached skill level 10 in Axes
  1147 | D        | Reached skill level 1 in Stealth
  1295 | D        | Identified the +3 battleaxe "Zyenyafa" {vorpal, Dex+4}
                  | (Trog gifted it to you in the Dungeon)
  1295 | D        | Received a gift from Trog
  1326 | D        | Reached ****** piety under Trog
  1590 | D        | Got the +2 morningstar "Roytoe" {vorpal, Drain rCorr Int+4
                  | Dex+5}
  1648 | D        | Found a hide-covered altar of Uskayaw.
  1648 | D        | Found an ancient bone altar of Kikubaaqudgha.
  1648 | D        | Found a broken altar of Ashenzari.
  1679 | D        | Noticed a spriggan druid
  1688 | D        | Killed a spriggan druid
  1688 | D        | Received a gift from Trog
  1689 | D        | Reached skill level 11 in Axes
  1689 | D        | Reached XP level 9. HP: 80/90 MP: 8/8
  1747 | D        | Reached skill level 12 in Axes
  1747 | D        | Reached skill level 5 in Dodging
  1804 | D        | Noticed a centaur warrior
  1815 | D        | Killed a centaur warrior
  1816 | D        | Reached skill level 13 in Axes
  1853 | D        | Noticed a merfolk avatar
  1868 | D        | Killed a merfolk avatar
  1868 | D        | Received a gift from Trog
  1869 | D        | Reached XP level 10. HP: 100/100 MP: 9/9
  1884 | D        | Noticed a molten gargoyle
  1893 | D        | Reached skill level 14 in Axes
  1895 | D        | Killed a molten gargoyle
  2198 | D        | Noticed a smoke demon
  2205 | D        | Killed a smoke demon
  2214 | D        | Noticed a cyclops
  2214 | D        | Noticed a phantasmal warrior
  2221 | D        | Killed a cyclops
  2229 | D        | Killed a phantasmal warrior
  2229 | D        | Received a gift from Trog
  2230 | D        | Reached skill level 15 in Axes
  2230 | D        | Reached skill level 15 in Shields
  2567 | D        | Received a gift from Trog
  2569 | D        | Reached skill level 16 in Axes
  2714 | D        | Noticed a guardian serpent
  2714 | D        | a komodo dragon changed into a guardian serpent
  2725 | D        | Killed a guardian serpent
  2725 | D        | Identified the +8 long sword of Lacsomyucs {flame, Fly rC+}
                  | (Trog gifted it to you in the Dungeon)
  2725 | D        | Received a gift from Trog
  2726 | D        | Reached XP level 11. HP: 85/110 MP: 3/10
  2817 | D        | Noticed Maurice
  2828 | D        | Killed Maurice
  2832 | D        | Noticed a swamp dragon
  2837 | D        | Killed a swamp dragon
  2838 | D        | Received a gift from Trog
  2839 | D        | Reached skill level 17 in Axes
  2858 | D        | Noticed Harold
  2868 | D        | Killed Harold
  2869 | D        | Received a gift from Trog
  3106 | D        | Noticed a deep troll
  3107 | D        | Noticed a phantasmal warrior
  3108 | D        | Received a gift from Trog
  3119 | D        | Reached skill level 15 in Fighting
  3122 | D        | Reached skill level 18 in Axes
  3124 | D        | Received a gift from Trog
  3128 | D        | Killed a deep troll
  3132 | D        | HP: 7/169 [phantasmal warrior (13)]
  3133 | D        | Mangled by a phantasmal warrior

Illustrated notes

Levels and vault maps discovered:
D:        pitsprint [storerooms_1, entrance_room_1, metal_vault_6, armoury_2,
          mini_pit_1, grid_room_1, main_hall_1, silver_pit, the_coven_2,
          the_vestibule_1, steel_vault_5, golden_pit, hallway_of_sentries,
          crystal_vault_3, iron_vault_5, final_vault]

Skill      XL: |  1  2  3  4  5  6  7  8  9 10 11 |
---------------+----------------------------------+-----
Fighting       | 4 6 8 9 10 11 12 14 15 | 15.6
Axes           | 3 4 5 6 7 9 11 13 16 18 | 18.7
Armour         | 4 7 8 9 10 11 12 13 14 | 14.9
Shields        | 4 6 8 9 10 11 12 14 15 17 | 17.4
Dodging        | 2 4 6 7 |  7.6
Stealth        | 1 2 |  2.4

Action                   |  1- 3 |  4- 6 |  7- 9 | 10-12 || total
-------------------------+-------+-------+-------+-------++-------
Melee: War axe           |     6 |       |    42 |       ||    48
       Headbutt          |     4 |     8 |    22 |    34 ||    68
       Hand axe          |     1 |    48 |   106 |       ||   155
       Broad axe         |       |       |       |   161 ||   161
Invok: Berserk           |       |       |       |     3 ||     3
       Brothers in Arms  |       |       |       |     1 ||     1
  Use: Potion            |       |     1 |     3 |     2 ||     6
Armor: Scale mail        |     1 |    14 |     9 |       ||    24
       Chain mail        |       |       |    17 |    52 ||    69
Dodge: Dodged            |     1 |     8 |    39 |    67 ||   115
Block: Kite shield       |     3 |    19 |    75 |   124 ||   221

Table legend: (Time is in decaauts)
 A = Elapsed time spent in this place.
 B = Non-inter-level travel time spent in this place.
 C = Inter-level travel time spent in this place.
 D = Time resting spent in this place.
 E = Time spent auto-exploring this place.
 F = Levels seen in this place.
 G = Mean time per level.
                   A        B        C        D        E       F      G
               +--------+--------+--------+--------+--------+-----+--------+
         Total |   3113 |   3080 |     33 |   2065 |     46 |   1 | 3113.0 |
       Dungeon |   3113 |   3080 |     33 |   2065 |     46 |   1 | 3113.0 |
               +--------+--------+--------+--------+--------+-----+--------+

Top non-repeatable levels by time:
       D: 3113 daAuts
